 Dungeon Crawl Stone Soup version 0.28.0-53-g5a82cb258f (webtiles) character file.

Game seed: 10135247915005385937

21 DemonSlayer the Firebug (level 2, -2/19 HPs)
             Began as a Demonspawn Fire Elementalist on July 22, 2022.
             Slain by a jackal (3 damage)
             ... on level 2 of the Dungeon.
             The game lasted 00:02:19 (1340 turns).

DemonSlayer the Firebug (DsFE)                      Turns: 1340, Time: 00:02:19

Health: -2/19      AC:  2    Str:  8    XL:     2   Next: 65%
Magic:  2/5        EV: 12    Int: 16    God:
Gold:   80         SH:  0    Dex: 13    Spells: 2/5 levels left

rFire   . . .      SeeInvis .   c - +0 mace
rCold   . . .      Faith    .   (no shield)
rNeg    . . .      Spirit   .   a - +0 robe
rPois   .          Reflect  .   (helmet restricted)
rElec   .          Harm     .   (no cloak)
rCorr   .          Rampage  .   (no gloves)
Will    .....                   (no boots)
Stlth   ++........              (no amulet)
HPRegen 0.06/turn               (no ring)
MPRegen 0.09/turn               (no ring)

@: flying
A: antennae 1
a: no special abilities


You were on level 2 of the Dungeon.
You visited 1 branch of the dungeon, and saw 2 of its levels.

You collected 80 gold pieces.

Inventory:

Hand Weapons
 c - a +0 mace (weapon)
Missiles
 g - 26 sling bullets
Armour
 a - a +0 robe (worn)
Scrolls
 b - a scroll of magic mapping {unknown}
 d - a scroll of identify {unknown}
 e - a scroll of teleportation {unknown}


   Skills:
 + Level 1.9 Dodging
 + Level 1.8 Stealth
 + Level 2.3 Spellcasting
 + Level 1.4 Conjurations
 + Level 3.0 Fire Magic


You had 2 spell levels left.
You knew the following spells:

 Your Spells              Type           Power      Damage    Failure   Level
a - Foxfire               Conj/Fire      36%        2x1d5     8%          1
b - Scorch                Fire           22%        2d6       9%          2

Your spell library contained the following spells:

 Spells                   Type           Power      Damage    Failure   Level
 Conjure Flame            Conj/Fire      9%         6-21      24%         3
 Inner Flame              Hex/Fire       6%         N/A       32%         3
 Flame Wave               Conj/Fire      9%         2d5       61%         4


Dungeon Overview and Level Annotations

Branches:
Dungeon (2/15)

Altars:

Shops:
D:2 [=


Innate Abilities, Weirdness & Mutations

You have a pair of small antennae on your head.


Message History

The foxfire hits the jackal.
The jackal is moderately wounded.
The foxfire hits the jackal.
You kill the jackal!
A jackal comes into view. x2
The jackal barks!
You hear a bark!
You hear a shout! x2
You hit the ball python.
The ball python is moderately wounded.
The ball python closely misses you. x2
You sock the ball python!
You kill the ball python!
You barely miss the jackal. The jackal bites you. The jackal barely misses you.
You hit the jackal but do no damage. The jackal misses you.
The jackal barely misses you.
You barely miss the jackal. The jackal bites you. The rat barely misses you.
The jackal barely misses you. The rat closely misses you.
You closely miss the jackal. The jackal barely misses you. The rat bites you.
The jackal bites you.
You closely miss the rat. The jackal bites you. The rat bites you.
The jackal bites you but does no damage.
The rat misses you.
You barely miss the rat. The jackal bites you. The rat bites you.
The jackal completely misses you.
You hit the rat.
You kill the rat!
The jackal bites you.
* * * LOW HITPOINT WARNING * * *
The jackal barely misses you.
You see here a rat corpse.
The jackal closely misses you.
A goblin comes into view. It is wielding a +0 club.
You closely miss the goblin. The goblin closely misses you.
The jackal bites you.
* * * LOW HITPOINT WARNING * * *
The goblin barely misses you.
It was a potion of flight.
You feel very buoyant.
You fly up into the air.
The jackal misses you. The jackal bites you.
You die...

#...########.####†
#............#)...
#...............<.
######..............
###...##..............
.....##..............
###... #.[........∩...
#....###..............
##
#.h@g...............
..
#.h##.#####.........
..#.#.###..##.#
#.........
........†..##.#
#........#
..#.#.###..##..
#........# .. #..##..
#........# ## #..##...
########## .†.##.##
#†..


You could see 2 jackals and a goblin.

Vanquished Creatures
  3 goblins
  2 hobgoblins
  2 jackals (D:2)
  2 quokkas (D:2)
  3 ball pythons
  2 bats (D:1)
  A frilled lizard (D:1)
  2 kobolds (D:1)
  4 rats
21 creatures vanquished.

Vanquished Creatures (others)
  57 foxfires
57 creatures vanquished.

Grand Total: 78 creatures vanquished

Notes
Turn   | Place    | Note
-------+----------+-------------------------------------------
     0 | D:1      | DemonSlayer the Demonspawn Fire Elementalist began the
                  | quest for the Orb.
     0 | D:1      | Reached XP level 1. HP: 13/13 MP: 3/3
   774 | D:1      | Gained mutation: You have a pair of small antennae on your
                  | head. [demonic ancestry]
   774 | D:1      | Reached XP level 2. HP: 17/19 MP: 1/5
   777 | D:1      | Learned a level 2 spell: Scorch
  1147 | D:2      | Found Jiriawack's Jewellery Emporium.
  1228 | D:2      | Found Comapeo's Antique Armour Shoppe.
  1232 | D:2      | Reached skill level 3 in Fire Magic
  1340 | D:2      | Slain by a jackal

Illustrated notes

Levels and vault maps discovered:
D:1:      minmay_arrival_shattered_statue, layout_loops_corners
D:2:      layout_basic, serial_shops, nicolae_shop_trees,
          nicolae_shop_overgrown_old_shop, nicolae_diamond_shop, shop,
          dk_noncrumbling_2, minmay_misc_feat_roman, minmay_quantized,
          uniq_sigmund, uniq_crazy_yiuf_cottage

Skill      XL: |  1  2 |
---------------+-------+-----
Fire Magic     | 3 |  3.0
Dodging        | |  1.9
Stealth        | |  1.8
Spellcasting   | |  2.3
Conjurations   | |  1.4

Action                   || total
-------------------------++-------
Melee: Mace              ||    16
       Unarmed           ||     1
 Cast: Foxfire           ||    41
  Use: Potion            ||     1
Armor: Robe              ||     3
Dodge: Dodged            ||    28
